 Dungeon Crawl Stone Soup version 0.20.1-1-g8b1a95d (webtiles) character file.

304 dohliylev the Covert (level 6, -3/41 HPs)
             Began as a Vampire Enchanter on Dec 29, 2017.
             Slain by a mummy (9 damage)
             ... in an ossuary.
             The game lasted 00:07:51 (1378 turns).

dohliylev the Covert (Vampire Enchanter)            Turns: 1378, Time: 00:07:51

Health: -3/41      AC: 10    Str:  7    XL:     6   Next: 15%
Magic:  1/9        EV: 12    Int: 20    God:
Gold:   84         SH:  0    Dex: 12    Spells: 3/9 levels left

rFire    . . .     SeeInvis +   k - +2 dagger (protect)
rCold    . . .     Gourm    .   (no shield)
rNeg     . . .     Faith    .   b - +1 robe
rPois    .         Spirit   .   (no helmet)
rElec    .         Reflect  .   (no cloak)
rCorr    .         Harm     .   (no gloves)
MR       .....                  (no boots)
Stlth    ++++......             (no amulet)
Regen    0.4/turn               f - -2 ring of dexterity (curse)
MPRegen  0.2/turn               (no ring)

@: marked, protection aura, regenerating quickly
A: fangs 3, see invisible, unbreathing
a: no special abilities


You were in an ossuary.
You were almost alive.

You visited 1 branch of the dungeon, and saw 3 of its levels.
You also visited: Ossuary.

You collected 124 gold pieces.
You spent 40 gold pieces at shops.

Inventory:

Hand Weapons
 a - a +2 vampiric dagger
 k - a +2 dagger of protection (weapon)
Armour
 b - a +1 robe (worn)
Jewellery
 f - a cursed -2 ring of dexterity (left hand)
Scrolls
 e - a scroll of blinking {unknown}
 h - 2 scrolls of magic mapping
Potions
 i - a potion of ambrosia
Books
 c - a book of Maledictions

   Spells                             Type                      Level
   a - Corona                         Hexes                        1
   b - Ensorcelled Hibernation        Hexes/Ice                    2
   c - Confuse                        Hexes                        3
   d - Tukima's Dance                 Hexes                        3
   e - Dazzling Spray                 Conjuration/Hexes            3


   Skills:
 - Level 1.1 Short Blades
 - Level 2.1 Dodging
 - Level 8.6 Stealth
 - Level 2.0 Spellcasting
 + Level 7.1 Hexes
 - Level 1.1 Ice Magic


You had 3 spell levels left.
You knew the following spells:

 Your Spells              Type           Power        Failure   Level  Hunger
a - Corona                Hex            ####...      1%          1    #......
b - Ensorcelled Hibernat  Hex/Ice        ###...       4%          2    ##.....
c - Confuse               Hex            ####....     2%          3    ###....


Dungeon Overview and Level Annotations

Branches:
Dungeon (4/15)
 Temple: D:4-7

Altars:

Shops:
D:4 *

Annotations:
D:4 Ijyb Ossuary Plasmagod's ghost, novice DrTm


Innate Abilities, Weirdness & Mutations

Your natural rate of healing is unusually fast.
You have razor-sharp teeth.
You have supernaturally acute eyesight. (SInv)
You can survive without breathing.


Message History

You hit the mummy.
Your weapon exudes an aura of protection.
You bite the mummy.
The mummy is lightly damaged.
The mummy hits you.
* * * LOW HITPOINT WARNING * * *
You hit the mummy. You bite the mummy, but do no damage.
The mummy is moderately damaged.
You hit the mummy.
The mummy is moderately damaged.
The mummy misses you.
You hit the mummy. Your bite misses the mummy.
The mummy is moderately damaged.
The mummy completely misses you.
You barely miss the mummy.
The mummy is moderately damaged.
You hit the mummy.
The mummy is heavily damaged.
The mummy hits you!
You die...

#..###.......## .
+...#.........#..
#...'M...⌠....'..
+...#.........#
#..###.......##
+.## ##.MWM.##
#.# ###M### #.
#M# .? ##@## !
#.∩.# #.∩.# #####


You could see 4 mummies and Plasmagod's ghost.

Vanquished Creatures
  2 orc priests (D:4)
  An orc wizard (D:4)
  3 human zombies (D:4)
  2 human skeletons (D:4)
  2 worker ants (D:4)
  An orc (D:4)
  4 bats
  5 goblins
  4 hobgoblins
  A kobold (D:1)
  2 frilled lizards (D:1)
  A leopard gecko skeleton (D:4)
  An orc skeleton (D:4)
  6 rats (D:1)
35 creatures vanquished.

Notes
Turn   | Place    | Note
-------+----------+-------------------------------------------
     0 | D:1      | dohliylev the Vampire Enchanter began the quest for the Orb.
     0 | D:1      | Reached XP level 1. HP: 13/13 MP: 3/3
    92 | D:1      | Reached skill level 5 in Stealth
   199 | D:1      | Reached XP level 2. HP: 19/19 MP: 5/5
   203 | D:1      | Learned a level 2 spell: Ensorcelled Hibernation
   657 | D:1      | Reached skill level 6 in Stealth
   972 | D:2      | You fall through a shaft for 2 floors!
   991 | D:4      | Reached skill level 7 in Stealth
   991 | D:4      | Reached XP level 3. HP: 24/24 MP: 6/6
   994 | D:4      | Reached XP level 4. HP: 30/30 MP: 7/7
   996 | D:4      | Reached skill level 8 in Stealth
  1012 | D:4      | Found Higoeklo's Assorted Antiques.
  1018 | D:4      | Bought 2 scrolls labeled PIX PINODWI for 40 gold pieces
  1020 | D:4      | Noticed Ijyb
  1058 | D:4      | Reached skill level 1 in Ice Magic
  1058 | D:4      | Reached XP level 5. HP: 12/35 MP: 8/8
  1088 | D:4      | Learned a level 3 spell: Confuse
  1105 | D:4      | Reached skill level 5 in Hexes
  1188 | D:4      | Reached XP level 6. HP: 32/41 MP: 3/9
  1198 | D:4      | Found a sand-covered staircase.
  1205 | Ossuary  | Entered an ossuary
  1272 | Ossuary  | Noticed Plasmagod's ghost (novice DrTm)
  1356 | Ossuary  | HP: 2/41 [Plasmagod's ghost (2)]
  1378 | Ossuary  | Slain by a mummy

Skill      XL: |  1  2  3  4  5  6 |
---------------+-------------------+-----
Stealth        | 5 7 8 |  8.6
Ice Magic      | 1 |  1.1
Hexes          | 6 7 |  7.1
Short Blades   | |  1.1
Dodging        | |  2.1
Spellcasting   | |  2.0

Action                   |  1- 3 |  4- 6 || total
-------------------------+-------+-------++-------
Melee: Dagger            |    63 |    81 ||   144
       Bite              |     3 |    12 ||    15
 Cast: Corona            |     2 |       ||     2
       Ensorcelled Hiber |     4 |     3 ||     7
       Confuse           |       |    10 ||    10
  Use: Scroll            |     5 |     2 ||     7
       Potion            |       |     9 ||     9
 Stab: Sleeping          |     9 |     8 ||    17
       Confused          |       |     5 ||     5
  Eat: Corpse            |     6 |       ||     6
Armor: Robe              |     9 |    17 ||    26
Dodge: Dodged            |    49 |    20 ||    69
